 Seeded DCSS version 0.26.0-45-g9c1d065592 (webtiles) character file.

Game seed: 15380089594623195496 (custom seed)

23818 delverdan the Basher (level 12, -1/101 HPs)
             Began as a Minotaur Hunter on Jan 28, 2021.
             Was an Initiate of Gozag.
             Slain by a two-headed ogre
             ... wielding a +0 giant spiked club
              (10 damage)
             ... on level 13 of the Dungeon.
             The game lasted 00:28:48 (17505 turns).

delverdan the Basher (Minotaur Hunter)             Turns: 17505, Time: 00:28:49

Health: -1/101     AC: 15    Str: 18    XL:     12   Next: 75%
Magic:  3/3        EV: 11    Int:  9    God:    Gozag
Gold:   2524       SH:  0    Dex: 14    Spells: 11/11 levels left

rFire    . . .     SeeInvis +   g - +5 demon whip "Spellbinder" {antimagic, Will+}
rCold    . . .     Faith    .   (no shield)
rNeg     + . .     Spirit   .   a - +0 plate armour
rPois    .         Reflect  .   K - +0 hat
rElec    .         Harm     .   x - scarf {repulsion}
rCorr    .         Rampage  .   f - +1 pair of gloves
Will     +....                  (no boots)
Stlth    ..........             N - amulet of the acrobat
HPRegen  0.26/turn              F - ring of see invisible
MPRegen  0.08/turn              I - ring of positive energy

@: mighty, gold aura, hasted, repel missiles, very quick
A: retaliatory headbutt, horns 2
a: Renounce Religion, Potion Petition, Call Merchant, Bribe Branch


You were on level 13 of the Dungeon.
You worshipped Gozag.
Gozag was most pleased with you.
You visited 2 branches of the dungeon, and saw 14 of its levels.

You collected 2697 gold pieces.
You spent 65 gold pieces at shops.
You paid 108 gold pieces to Gozag.

Inventory:

Hand Weapons
 g - the +5 demon whip "Spellbinder" (weapon) {antimagic, Will+}
   (You found it on level 9 of the Dungeon)

   It reduces the magical energy of the wielder, and disrupts the spells and
   magical abilities of those hit.
   Natural abilities and divine invocations are not affected.
   It affects your willpower, your defense against some magical effects.
 t - a +1 whip of flaming
 y - the +8 storm bow {elec, penet}
   (You found it on level 6 of the Dungeon)

   It charges the ammunition it shoots with electricity; occasionally upon a
   hit, such missiles may discharge and cause terrible harm.
   Ammo fired by it passes through the targets it hits, potentially hitting all
   targets in its path until it reaches maximum range.
Missiles
 d - 234 arrows
Armour
 a - a +0 plate armour (worn)
 f - a +1 pair of gloves (worn)
 x - a scarf of repulsion (worn)
 K - a +0 hat (worn)
Jewellery
 h - an uncursed ring of stealth
 n - a +6 ring of intelligence
 z - an uncursed ring of wizardry
 F - a ring of see invisible (left hand)
 G - an uncursed ring of resist corrosion
 I - a ring of positive energy (right hand)
 N - an amulet of the acrobat (around neck)
Wands
 b - a wand of disintegration (11)
 p - a wand of flame (36)
 q - a wand of acid (12)
 s - a wand of random effects (40)
 D - a wand of paralysis (9)
Scrolls
 e - 2 scrolls of fear
 i - 7 scrolls of remove curse
 j - 9 scrolls of teleportation
 k - 2 scrolls of immolation
 l - 2 scrolls of blinking
 m - 3 scrolls of enchant armour
 o - 7 scrolls of amnesia
 u - 2 scrolls of noise
 E - a scroll of summoning
 M - a scroll of magic mapping
Potions
 c - 4 potions of heal wounds
 r - 2 potions of brilliance {unknown}
 v - 6 potions of cancellation
 w - 6 potions of curing
 A - a potion of attraction
 C - a potion of berserk rage
 H - a potion of haste
 J - a potion of lignification
 L - 2 potions of mutation {unknown}


   Skills:
 - Level 8.0 Fighting
 - Level 14.3 Maces & Flails
 - Level 12.0 Bows
 + Level 7.5 Armour
 - Level 12.2 Dodging
 - Level 1.5 Stealth


You had 11 spell levels left.
You didn't know any spells.
Your spell library contained the following spells:

 Spells                   Type           Power        Failure   Level
 Animate Skeleton         Necr           0%           100%        1
 Apportation              Tloc           0%           100%        1
 Corona                   Hex            0%           100%        1
 Summon Small Mammal      Summ           0%           100%        1
 Confusing Touch          Hex            0%           100%        3
 Gell's Gravitas          Tloc           0%           100%        3
 Petrify                  Tmut/Erth      0%           100%        4
 Metabolic Englaciation   Hex/Ice        0%           100%        5
 Yara's Violent Unravell  Hex/Tmut       0%           100%        5


Dungeon Overview and Level Annotations

Branches:
Dungeon (13/15)            Temple (1/1) D:6            Lair (0/6) D:10
    Orc (0/2) D:9
 Vaults: D:13-14

Altars:
Ashenzari
Cheibriados
Dithmenos
Elyvilon
Fedhas
Gozag
Hepliaklqana
Kikubaaqudgha
Makhleb
Nemelex Xobeh
Okawaru
Qazlal
Ru
Sif Muna
Trog
Uskayaw
Vehumet
Wu Jian
Xom
Yredelemnul
Zin
The Shining One

Shops:
D:6 !   D:8 [


Innate Abilities, Weirdness & Mutations

You reflexively headbutt those who attack you in melee.
You have a pair of horns on your head.


Message History

You headbutt the two-headed ogre!
The two-headed ogre is lightly wounded.
The two-headed ogre closely misses you. x2
Unknown command.
You thrash the two-headed ogre!!
The two-headed ogre is heavily wounded.
Unknown command.
You whack the two-headed ogre!
The two-headed ogre is severely wounded.
An orc comes into view. It is wielding a +0 short sword.
The ogre closely misses you.
The two-headed ogre hits you with a +0 giant club!
* * * LOW HITPOINT WARNING * * *
The two-headed ogre hits you with a +0 giant club!
* * * LOW HITPOINT WARNING * * *
You thrash the two-headed ogre!!
You kill the two-headed ogre!
The two-headed ogre hits you with a +0 giant spiked club!
You die...
Your body crumbles into a pile of gold.

#.# #.⌠...⌠.# #.#
####.......# #.#
####..'...⌠...+
####.####..'..#.......#
#.........##.°#.⌠...⌠.#
..##.#######.°#.......#
####.# #..####'#### #
#.# #....O.....# # #.##
#####@###### # #..##
#$O# ##..# ##..# ##.#
#.# #.# .# #.# o#
######'## # #.......#
#.......#


You could see a two-headed ogre, an ogre and an orc.

Vanquished Creatures
  Gastronok (D:10)
  Snorg (D:11)
  A boulder beetle (D:12)
  A centaur warrior (D:13)
  Erica (D:8)
  A tengu warrior (D:12)
  An ogre mage (D:13)
  6 two-headed ogres
  A fire crab (shapeshifter) (D:13)
  Pikel (D:5)
  2 manticores
  2 ugly things
  A cyclops (D:11)
  A kobold demonologist (D:12)
  2 hornets (D:12)
  Prince Ribbit (D:8)
  A meliai (D:12)
  6 trolls
  3 slime creatures (D:11)
  Sigmund (D:5)
  A shadow (D:11)
  3 yaks (D:9)
  3 wyverns
  A wraith (D:10)
  Menkaure (D:4)
  A soldier ant (D:12)
  2 wargs (D:10)
  A water moccasin (D:7)
  Duvessa (D:7)
  13 orc warriors
  A black bear (D:9)
  An eye of draining (D:12)
  An ice beast (D:11)
  4 sky beasts
  3 phantoms
  7 ogres
  8 centaurs
  A lemure (D:5)
  3 big kobolds
  Blork the orc (D:5)
  2 bullfrogs
  A water moccasin zombie (D:7)
  Dowan (D:7)
  2 scorpions
  5 killer bees (D:8)
  17 wights
  A howler monkey (D:12)
  A centaur zombie (D:5)
  3 bullfrog zombies
  A quasit (D:7)
  4 hounds
  7 orc priests
  A gnoll shaman (D:8)
  4 jellies
  3 bullfrog skeletons
  Crazy Yiuf (D:6)
  Jessica (D:2)
  28 orc wizards
  Terence (D:2)
  3 iguanas
  9 worker ants
  A killer bee zombie (D:9)
  2 hound zombies
  2 hound skeletons
  A howler monkey zombie (D:6)
  Robin (D:2)
  6 gnolls
  2 worker ant zombies
  9 adders
  An ufetubus (D:7)
  An ooze (D:3)
  An adder skeleton (D:5)
  An adder zombie (D:5)
  2 worms (D:3)
  A dart slug (D:1)
  5 leopard geckos
  49 orcs
  8 bats
  3 giant cockroaches
  12 goblins
  9 hobgoblins
  8 jackals
  22 kobolds
  4 quokkas
  12 frilled lizards
  2 quokka skeletons
  5 rats
358 creatures vanquished.

Vanquished Creatures (others)
  An unseen horror (D:10)
  A plant (D:10)
2 creatures vanquished.

Grand Total: 360 creatures vanquished

Notes
Turn   | Place    | Note
-------+----------+-------------------------------------------
     0 | D:1      | delverdan the Minotaur Hunter began the quest for the Orb.
     0 | D:1      | Reached XP level 1. HP: 18/18 MP: 0/0
    46 | D:1      | Reached skill level 1 in Stealth
   165 | D:1      | Reached XP level 2. HP: 25/25 MP: 1/1
   436 | D:1      | Reached XP level 3. HP: 31/31 MP: 2/2
   798 | D:2      | Found a faded altar of an unknown god.
   807 | D:2      | Noticed Terence
   819 | D:2      | Killed Terence
   820 | D:2      | Reached skill level 5 in Bows
   825 | D:2      | Reached XP level 4. HP: 29/38 MP: 3/3
   830 | D:2      | Noticed Robin
   862 | D:2      | Killed Robin
  1434 | D:2      | Noticed Jessica
  1437 | D:2      | Killed Jessica
  1687 | D:3      | Found a sparkling altar of Nemelex Xobeh.
  1934 | D:3      | Reached XP level 5. HP: 45/45 MP: 4/4
  2071 | D:3      | Found a burning altar of Makhleb.
  2072 | D:3      | Found a snail-covered altar of Cheibriados.
  2112 | D:3      | Found a hazy altar of Hepliaklqana.
  2114 | D:3      | Found a radiant altar of Vehumet.
  2435 | D:4      | Reached skill level 1 in Armour
  2537 | D:4      | Noticed Menkaure
  2543 | D:4      | Killed Menkaure
  2544 | D:4      | Reached XP level 6. HP: 28/51 MP: 5/5
  2719 | D:4      | Reached skill level 5 in Armour
  2727 | D:4      | HP: 2/51 [orc (1)]
  3217 | D:4      | Reached XP level 7. HP: 22/58 MP: 6/6
  4061 | D:5      | Entered Level 5 of the Dungeon
  4180 | D:5      | Reached skill level 5 in Fighting
  4235 | D:5      | Noticed Pikel
  4263 | D:5      | Killed Pikel
  4264 | D:5      | Reached XP level 8. HP: 30/74 MP: 7/7
  4609 | D:5      | Noticed Blork the orc
  4622 | D:5      | Killed Blork the orc
  4623 | D:5      | Reached skill level 1 in Maces & Flails
  4645 | D:5      | Reached skill level 3 in Maces & Flails
  5123 | D:5      | Reached skill level 4 in Maces & Flails
  5256 | D:5      | Noticed Sigmund
  5269 | D:5      | Killed Sigmund
  5270 | D:5      | Reached skill level 5 in Maces & Flails
  5474 | D:5      | Reached skill level 6 in Maces & Flails
  6230 | D:6      | Found an opulent altar of Gozag.
  6238 | D:6      | Became a worshipper of Gozag Ym Sagoz the Greedy
  6584 | D:6      | Found the +8 storm bow {elec, penet}
  6657 | D:6      | Found a staircase to the Ecumenical Temple.
  6675 | D:6      | Reached skill level 7 in Maces & Flails
  6786 | D:6      | Found Caxec's Distillery.
  6792 | D:6      | Bought a potion of heal wounds for 65 gold pieces
  6865 | D:6      | Reached XP level 9. HP: 81/81 MP: 8/8
  6930 | D:6      | Found a glowing golden altar of the Shining One.
  7042 | D:6      | Found a runed translucent door.
  7043 | D:6      | Noticed Crazy Yiuf
  7192 | D:6      | Killed Crazy Yiuf
  7240 | Temple   | Entered the Ecumenical Temple
  7461 | D:7      | Reached skill level 8 in Maces & Flails
  7619 | D:7      | Noticed Dowan
  7620 | D:7      | Killed Dowan
  7621 | D:7      | Noticed Duvessa
  7624 | D:7      | Killed Duvessa
  7949 | D:7      | Reached skill level 9 in Maces & Flails
  8162 | D:7      | Found an ancient bone altar of Kikubaaqudgha.
  8264 | D:8      | Noticed a two-headed ogre
  8269 | D:8      | Killed a two-headed ogre
  8270 | D:8      | Reached skill level 10 in Maces & Flails
  8318 | D:8      | Noticed Erica
  8325 | D:8      | Killed Erica
  8326 | D:8      | Reached XP level 10. HP: 79/88 MP: 9/9
  9100 | D:8      | Noticed Prince Ribbit
  9108 | D:8      | Reached skill level 11 in Maces & Flails
  9108 | D:8      | Reached skill level 10 in Bows
  9114 | D:8      | Killed Prince Ribbit
  9155 | D:8      | Found Petelut's Armour Shop.
  9234 | D:8      | You fall into a shaft and drop 1 floor!
  9248 | D:9      | Found a stormy altar of Qazlal.
 10471 | D:9      | Found a staircase to the Orcish Mines.
 11031 | D:9      | Found a blossoming altar of Fedhas.
 11120 | D:9      | Found the +5 demon whip "Spellbinder" {antimagic, Will+}
 11244 | D:10     | Entered Level 10 of the Dungeon
 11480 | D:10     | Noticed Gastronok
 11497 | D:10     | Killed Gastronok
 11498 | D:10     | Reached skill level 12 in Maces & Flails
 11498 | D:10     | Reached XP level 11. HP: 81/94 MP: 3/10
 11654 | D:10     | Noticed an unseen horror
 11661 | D:10     | Killed an unseen horror
 11668 | D:10     | Reached skill level 13 in Maces & Flails
 11883 | D:10     | Found a staircase to the Lair.
 11969 | D:10     | Noticed a two-headed ogre
 11976 | D:10     | Killed a two-headed ogre
 12402 | D:10     | Found a hazy altar of Hepliaklqana.
 12585 | D:11     | Noticed a two-headed ogre
 12591 | D:11     | Killed a two-headed ogre
 12592 | D:11     | Reached skill level 14 in Maces & Flails
 12936 | D:11     | Reached skill level 5 in Dodging
 13614 | D:11     | You fall into a shaft and drop 2 floors!
 13621 | D:13     | Noticed a centaur warrior
 13623 | D:13     | Noticed a purple ugly thing
 13630 | D:13     | Killed a centaur warrior
 13641 | D:13     | Killed a purple ugly thing
 13845 | D:12     | Reached XP level 12. HP: 101/101 MP: 3/11
 14172 | D:12     | Paralysed by a hornet for 2 turns
 14551 | D:12     | Noticed a tengu warrior
 14596 | D:12     | Killed a tengu warrior
 15214 | D:12     | Reached skill level 10 in Dodging
 15354 | D:12     | Noticed a boulder beetle
 15649 | D:12     | Killed a boulder beetle
 16509 | D:11     | Noticed Snorg
 16521 | D:11     | Killed Snorg
 17097 | D:13     | Noticed a two-headed ogre
 17104 | D:13     | Killed a two-headed ogre
 17481 | D:13     | Noticed a two-headed ogre
 17482 | D:13     | Noticed an ogre mage
 17490 | D:13     | Killed a two-headed ogre
 17493 | D:13     | Noticed a two-headed ogre
 17496 | D:13     | Killed an ogre mage
 17501 | D:13     | Noticed a two-headed ogre
 17505 | D:13     | Killed a two-headed ogre
 17505 | D:13     | Slain by a two-headed ogre

Illustrated notes

Levels and vault maps discovered:
D:1:      grunt_arrival_crossed_arrows, layout_rooms, minmay_misc_feat_tower,
          moated_statue
D:2:      layout_basic, chequers_ecumenical_altar_island, uniq_jessica,
          uniq_robin, uniq_terence
D:3:      layout_loops_ring, grunt_temple_overflow_open,
          nicolae_overflow_hidden_temple, nemelex_lonely_heart_becter
D:4:      layout_basic, serial_glass, glass_columns_b, glass_columns_a,
          amcnicky_mini_rare_corridor_liquid, uniq_menkaure
D:5:      layout_layer_cave, uniq_sigmund, uniq_blork_the_orc, uniq_pikel
D:6:      layout_rooms, nicolae_overflow_crystal_walls,
          lemuel_coloured_pillars_altar, minmay_temple_entry_proselytizer,
          serial_shops, shop_statue, item_on_display_a, uniq_crazy_yiuf_cottage
D:7:      layout_basic, kennysheep_mini_moat, uniq_duvessa
D:8:      layout_basic, serial_shops, shop, uniq_erica, uniq_prince_ribbit1
D:9:      layout_roguey, david_orc_4, basic_altar,
          nicolae_qazlal_general_emergency
D:10:     layout_loops_ring, erik_lair_orcish_takeover, basic_altar,
          uniq_gastronok
D:11:     layout_gridville, uniq_snorg
D:12:     minmay_opposing_rooms, layout_irregular_city, serial_co_window_serial,
          co_window_corner_a, co_window_corner_a, co_window_paths_a,
          co_window_paths_a, co_window_paths_a, co_window_paths_a,
          co_window_paths_a, co_window_of_opportunity_a,
          co_window_of_opportunity_a, co_window_of_opportunity_b,
          co_window_paths_c, co_window_2corner, co_window_broadway_c,
          co_window_paths_c, co_window_corner_ca, glass_columns_b,
          glass_columns_b, glass_columns_b, glass_columns_a
D:13:     layout_roguey, skrybe_vaults_entry_preservation, minmay_fountain_box
Temple:   regret_index_temple_waves

Skill      XL: |  1  2  3  4  5  6  7  8  9 10 11 12 |
---------------+-------------------------------------+-----
Stealth        | 1 |  1.5
Fighting       | 3 7 8 |  8.0
Bows           | 5 6 9 12 | 12.0
Dodging        | 3 8 12 | 12.2
Armour         | 4 6 7 |  7.5
Maces & Flails | 7 10 12 14 | 14.3

Action                   |  1- 3 |  4- 6 |  7- 9 | 10-12 || total
-------------------------+-------+-------+-------+-------++-------
Melee: Short sword       |       |    29 |       |       ||    29
       Headbutt          |       |     6 |    20 |   126 ||   152
       Shortbow          |       |     5 |     2 |       ||     7
       Whip              |       |       |   111 |    43 ||   154
       Demon whip        |       |       |       |   468 ||   468
 Fire: Shortbow          |    98 |   171 |   103 |       ||   372
       Longbow           |       |       |    62 |   138 ||   200
  Use: Scroll            |       |     5 |       |    14 ||    19
       Potion            |       |     6 |       |     4 ||    10
 Stab: Distracted        |       |       |       |     1 ||     1
Armor: Leather armour    |    13 |     7 |       |       ||    20
       Chain mail        |       |    81 |   101 |    13 ||   195
       Plate armour      |       |       |       |   177 ||   177
Dodge: Dodged            |    22 |    58 |    51 |   176 ||   307
       Repelled          |       |       |     1 |     2 ||     3
